 Dungeon Crawl Stone Soup version 0.22.0-36-g8e74550 (webtiles) character file.

646 Loudmushroom the Chopper (level 7, -2/61 HPs)
             Began as a Minotaur Fighter on Aug 24, 2018.
             Slain by a gnoll
             ... wielding a +0 spear
              (3 damage)
             ... on level 3 of the Dungeon.
             The game lasted 00:08:48 (2436 turns).

Loudmushroom the Chopper (Minotaur Fighter)         Turns: 2436, Time: 00:08:49

Health: -2/61      AC:  7    Str: 21    XL:     7   Next: 27%
Magic:  6/6        EV:  7    Int:  5    God:
Gold:   101        SH: 10    Dex: 11    Spells: 6/6 levels left

rFire    . . .     SeeInvis .   a - +0 war axe
rCold    . . .     Gourm    .   c - +0 shield
rNeg     . . .     Faith    .   b - +0 scale mail
rPois    .         Spirit   .   (helmet restricted)
rElec    .         Reflect  .   (no cloak)
rCorr    .         Harm     .   (no gloves)
MR       .....                  (no boots)
Stlth    ..........             (no amulet)
HPRegen  0.20/turn              (no ring)
MPRegen  0.10/turn              (no ring)

@: no status effects
A: retaliatory headbutt, horns 2
a: no special abilities


You were on level 3 of the Dungeon.
You were not hungry.

You visited 1 branch of the dungeon, and saw 3 of its levels.

You collected 101 gold pieces.

Inventory:

Hand Weapons
 a - a +0 war axe (weapon)
Missiles
 h - 10 bolts
 l - 186 stones (quivered)
 p - 14 sling bullets
Armour
 b - a +0 scale mail (worn)
 c - a +0 shield (worn)
Jewellery
 g - an uncursed ring of protection from cold {unknown}
 o - an uncursed ring of magical power {unknown}
Scrolls
 e - 2 scrolls of identify {unknown}
 j - a scroll of amnesia {unknown}
 k - 3 scrolls of teleportation {unknown}
 s - 2 scrolls of remove curse {unknown}
 t - a scroll of blinking {unknown}
Potions
 d - a potion of might
 i - 2 potions of flight {unknown}
 m - a potion of agility {unknown}
 n - a potion of degeneration {unknown}
 q - 2 potions of curing {unknown}
Comestibles
 f - 8 rations


   Skills:
 + Level 5.6 Fighting
 * Level 6.3 Axes
 + Level 5.6 Armour
 + Level 5.6 Shields


You had 6 spell levels left.
You didn't know any spells.
Your spell library was empty.

Dungeon Overview and Level Annotations

Branches:
Dungeon (3/15)

Altars:
Vehumet


Innate Abilities, Weirdness & Mutations

You reflexively headbutt those who attack you in melee.
You have a pair of horns on your head.


Message History

You see here a club.
The big kobold hits you but does no damage.
You block the gnoll's attack.
Your shield and scale mail prevent you from hitting the big kobold.
The big kobold is severely wounded.
The big kobold hits you with a short sword.
* * * LOW HITPOINT WARNING * * *
The gnoll hits you but does no damage. x2; You block the big kobold's attack.
The gnoll hits you from afar with an enchanted spear!
* * * LOW HITPOINT WARNING * * *
You hit the big kobold. Your headbutt misses the big kobold.
The big kobold is almost dead.
The gnoll hits you but does no damage.
The gnoll hits you from afar with an enchanted spear.
* * * LOW HITPOINT WARNING * * *
The big kobold barely misses you.
You slash the big kobold!
You kill the big kobold!
The gnoll hits you from afar with a spear.
You die...

#.....#....# #........#
#.#.##..># #. #.#.# #. #.#.# #.
#.#.# # #. ..#.# ##. .######.##
..... ......[.@##
###..#########g.###########
............ggg............
.......)....).K............
....≈≈.≈....≈≈.≈≈.≈..≈≈≈.≈≈
≈≈≈≈≈≈≈≈.....≈≈≈≈≈≈≈≈≈≈≈≈≈≈
≈≈≈≈≈≈≈≈.....≈≈≈≈≈≈≈≈≈≈≈≈≈≈
≈≈≈≈≈≈≈......≈≈≈≈≈≈≈≈≈≈≈≈≈≈
###########''####################


You could see 3 gnolls and a kobold.

Vanquished Creatures
  6 big kobolds (D:3)
  The ghost of Monsterracer the Sneak, an amateur KoWn (D:3)
  An orc priest (D:3)
  4 adders
  A dart slug (D:2)
  2 leopard geckos (D:2)
  5 orcs (D:3)
  A giant cockroach (D:2)
  5 goblins
  6 hobgoblins
  2 jackals (D:3)
  A quokka (D:3)
  4 bats
  4 frilled lizards
  50 kobolds
  10 rats
103 creatures vanquished.

Notes
Turn   | Place    | Note
-------+----------+-------------------------------------------
     0 | D:1      | Loudmushroom the Minotaur Fighter began the quest for the Orb.
     0 | D:1      | Reached XP level 1. HP: 19/19 MP: 0/0
   281 | D:1      | Reached XP level 2. HP: 27/27 MP: 1/1
   442 | D:1      | Reached skill level 3 in Axes
   800 | D:2      | Found a radiant altar of Vehumet.
   956 | D:2      | Reached XP level 3. HP: 33/33 MP: 2/2
  1392 | D:3      | Reached XP level 4. HP: 29/40 MP: 3/3
  1527 | D:3      | Found a runed door.
  1530 | D:3      | Reached skill level 4 in Axes
  1583 | D:3      | Noticed Monsterracer's ghost (amateur KoWn)
  1600 | D:3      | Killed Monsterracer's ghost
  1600 | D:3      | Reached XP level 5. HP: 42/47 MP: 4/4
  1684 | D:3      | Reached skill level 5 in Axes
  1922 | D:3      | Reached XP level 6. HP: 55/55 MP: 5/5
  1938 | D:3      | Reached skill level 5 in Fighting
  1938 | D:3      | Reached skill level 5 in Armour
  1938 | D:3      | Reached skill level 5 in Shields
  2275 | D:3      | Reached skill level 6 in Axes
  2275 | D:3      | Reached XP level 7. HP: 57/61 MP: 6/6
  2434 | D:3      | HP: 3/61 [gnoll/enchanted spear (8)]
  2435 | D:3      | HP: 1/61 [gnoll/enchanted spear (2)]
  2436 | D:3      | Slain by a gnoll

Skill      XL: |  1  2  3  4  5  6 |
---------------+-------------------+-----
Axes           | 3 4 5 6 |  6.3
Fighting       | 4 5 |  5.6
Armour         | 4 5 |  5.6
Shields        | 4 5 |  5.6

Action                   |  1- 3 |  4- 6 |  7- 9 || total
-------------------------+-------+-------+-------++-------
Melee: War axe           |    93 |    98 |    20 ||   211
       Headbutt          |    16 |    19 |     2 ||    37
  Eat: Chunk             |     1 |     4 |       ||     5
Armor: Scale mail        |    21 |    53 |    22 ||    96
Dodge: Dodged            |    13 |    51 |    18 ||    82
Block: Shield            |    31 |    89 |    25 ||   145
